 Dungeon Crawl Stone Soup version 0.27-a0-890-ged2907cb04 (webtiles) character file.

Game seed: 16634219343998110887

115 Kakkamies the Shield-Bearer (level 5, -1/42 HPs)
             Began as a Formicid Fighter on Apr 5, 2021.
             Killed by divine providence
             ... invoked by an orc priest
              (7 damage)
             ... on level 3 of the Dungeon.
             The game lasted 00:05:58 (2555 turns).

Kakkamies the Shield-Bearer (Formicid Fighter)      Turns: 2555, Time: 00:05:58

Health: -1/42      AC: 17    Str: 20    XL:     5   Next: 20%
Magic:  5/5        EV:  4    Int:  8    God:
Gold:   122        SH:  9    Dex: 11    Spells: 4/4 levels left

rFire    . . .     SeeInvis +   a - +0 trident
rCold    . . .     Faith    .   c - +0 kite shield
rNeg     . . .     Spirit   .   w - +0 plate armour
rPois    .         Reflect  .   (helmet unavailable)
rElec    .         Harm     .   u - +0 cloak
rCorr    .         Rampage  .   (no gloves)
Will     .....                  (no boots)
Stlth    ..........             (no amulet)
HPRegen  0.14/turn              f - +4 ring of protection
MPRegen  0.09/turn              (no ring)

@: no status effects
A: permanent stasis, dig shafts and tunnels, antennae 3, four strong arms
a: Dig, Shaft Self


You were on level 3 of the Dungeon.
You visited 1 branch of the dungeon, and saw 3 of its levels.

You collected 122 gold pieces.

Inventory:

Hand Weapons
 a - a +0 trident (weapon)
Missiles
 p - 101 stones
 s - 52 arrows
 v - 3 poisoned darts
Armour
 c - a +0 kite shield (worn)
 u - a +0 cloak (worn)
 w - a +0 plate armour (worn)
Jewellery
 f - a +4 ring of protection (left hand)
Scrolls
 h - a scroll of fear {unknown}
 i - a scroll of noise {unknown}
 j - a scroll of vulnerability {unknown}
 k - a scroll of amnesia {unknown}
 l - a scroll of fog {unknown}
 o - 2 scrolls of teleportation {unknown}
 q - a scroll of identify {unknown}
Potions
 d - a potion of might
 e - a potion of curing
 g - a potion of flight {unknown}
 m - a potion of attraction {unknown}
 n - 2 potions of heal wounds {unknown}
 t - a potion of berserk rage {unknown}


   Skills:
 + Level 3.7 Fighting
 + Level 3.4 Polearms
 + Level 4.2 Armour
 + Level 0.2 Dodging
 + Level 0.1 Stealth
 + Level 4.3 Shields


You had 4 spell levels left.
You didn't know any spells.
Your spell library was empty.

Dungeon Overview and Level Annotations

Branches:
Dungeon (3/15)

Altars:

Shops:
D:1 *


Innate Abilities, Weirdness & Mutations

You cannot be hasted, slowed, berserked, paralysed or teleported.
You can dig through walls and to a lower floor.
You have a pair of large antennae on your head. (SInv)
Your four strong arms can wield two-handed weapons with a shield.


Message History

The orc is severely wounded.
The orc priest calls upon Beogh to heal the orc.
The orc's wounds heal themselves!
The orc hits you but does no damage.
You hit the orc.
The orc is heavily wounded.
The orc hits you but does no damage.
You hit the orc.
You kill the orc!
You hit the orc priest but do no damage.
The orc priest hits you but does no damage.
You puncture the orc priest!
The orc priest is heavily wounded.
The orc priest calls down the wrath of Beogh upon you.
Beogh smites you!
* * * LOW HITPOINT WARNING * * *
The orc priest calls down the wrath of Beogh upon you.
Pain shoots through your body!
* * * LOW HITPOINT WARNING * * *
You hit the orc priest.
The orc priest is severely wounded.
The orc priest hits you but does no damage.
You hit the orc priest.
The orc priest is severely wounded.
The orc priest hits you with a +0 hand axe.
* * * LOW HITPOINT WARNING * * *
Unknown command.
You closely miss the orc priest.
The orc priest is severely wounded.
The orc priest begins to cast a cantrip, but forgets the words!
The orc priest hits you but does no damage.
Unknown command.
You barely miss the orc priest.
The orc priest is severely wounded.
The orc priest hits you but does no damage.
Unknown command.
You hit the orc priest.
The orc priest is almost dead.
The orc priest invokes the aid of Beogh against you.
Beogh smites you!
You die...

.. ..... #.....^ .##....#
##....# .......####.....#
................#
.##..#..........# .
.##............######....
.......#####.....†).o....
.....#.#####.###o####....
.............# #@# #
..#..#.##....# #.#
..#..#.####......#
..................
#.####.####.####.# ..#
#.# #.# #.# #.# #.# #.#
..# #.# #.# #.# ### ...


You could see an orc priest.

Vanquished Creatures
  Robin (D:2)
  2 adders (D:2)
  A worm (D:2)
  A dart slug (D:1)
  6 orcs (D:3)
  7 endoplasms
  13 goblins
  7 hobgoblins
  6 jackals (D:2)
  3 quokkas (D:1)
  4 ball pythons
  4 bats
  3 frilled lizards
  8 kobolds
  2 rats (D:2)
68 creatures vanquished.

Vanquished Creatures (others)
  A plant (D:3)
1 creature vanquished.

Grand Total: 69 creatures vanquished

Notes
Turn   | Place    | Note
-------+----------+-------------------------------------------
     0 | D:1      | Kakkamies the Formicid Fighter began the quest for the Orb.
     0 | D:1      | Reached XP level 1. HP: 18/18 MP: 1/1
   146 | D:1      | Found Ajaitt's Assorted Antiques.
   183 | D:1      | Reached XP level 2. HP: 24/24 MP: 2/2
   405 | D:1      | Reached XP level 3. HP: 29/29 MP: 3/3
  1095 | D:2      | Reached XP level 4. HP: 19/36 MP: 4/4
  1667 | D:2      | Found a faded altar of an unknown god.
  1709 | D:2      | Identified the +0 helmet "Kuamogir" {Will+}
  1709 | D:2      | Noticed Robin
  1725 | D:2      | Killed Robin
  2190 | D:2      | Reached XP level 5. HP: 39/39 MP: 5/5
  2555 | D:3      | Killed from afar by an orc priest

Illustrated notes

Levels and vault maps discovered:
D:1:      lightli_arrival_chessboard, layout_loops_cross, serial_shops,
          nicolae_shop_statue_plus, minmay_misc_feat_chi
D:2:      layout_basic, ebering_ecumenical_altar_box, kennysheep_potato,
          uniq_robin
D:3:      layout_basic, serial_forest, infiniplex_forest_straight_5,
          infiniplex_forest_clump_diagonal, infiniplex_forest_clump_diagonal,
          infiniplex_forest_straight_4, infiniplex_forest_corner_2,
          infiniplex_forest_fountain

Skill      XL: |  1  2  3  4 |
---------------+-------------+-----
Shields        | 4 |  4.3
Armour         | 4 |  4.2
Polearms       | 3 |  3.4
Fighting       | |  3.7
Dodging        | |  0.2
Stealth        | |  0.1

Action                   |  1- 3 |  4- 6 || total
-------------------------+-------+-------++-------
Melee: Trident           |   123 |   134 ||   257
Armor: Scale mail        |    37 |       ||    37
       Chain mail        |     6 |    51 ||    57
       Plate armour      |       |    16 ||    16
Dodge: Dodged            |    25 |    26 ||    51
Block: Kite shield       |    41 |    45 ||    86

Table legend: (Time is in decaauts)
 A = Elapsed time spent in this place.
 B = Non-inter-level travel time spent in this place.
 C = Inter-level travel time spent in this place.
 D = Time resting spent in this place.
 E = Time spent auto-exploring this place.
 F = Levels seen in this place.
 G = Mean time per level.
                   A        B        C        D        E       F      G
               +--------+--------+--------+--------+--------+-----+--------+
         Total |   2640 |   2522 |    118 |    398 |   1440 |   3 |  880.0 |
       Dungeon |   2640 |   2522 |    118 |    398 |   1440 |   3 |  880.0 |
               +--------+--------+--------+--------+--------+-----+--------+

Top non-repeatable levels by time:
     D:2: 1611 daAuts
     D:1: 831 daAuts
     D:3: 198 daAuts
